 Dungeon Crawl Stone Soup version 0.30-a0-760-g5a9884bb7c (webtiles) character file.

Game seed: 2755306790544757568

5402 Aneyh the Fighter (level 10, -9/66 HPs)
             Began as a Tengu Monk on Feb 11, 2023.
             Was an Elder of Hepliaklqana.
             Mangled by Snorg (14 damage)
             ... on level 10 of the Dungeon.
             The game lasted 00:23:54 (9092 turns).

Aneyh the Fighter (Tengu Monk)                      Turns: 9092, Time: 00:23:55

Health: -9/66      AC:  7    Str: 16    XL:     10   Next: 67%
Magic:  3/11       EV: 18    Int: 11    God:    Hepliaklqana [****..]
Gold:   393        SH:  0    Dex: 16    Spells: 3/9 levels left

rFire   + . .      SeeInvis .    a - +0 halberd (pain)
rCold   . . .      Faith    .    (shield currently unavailable)
rNeg    . . .      Spirit   .    V - +0 leather armour {rF+}
rPois   .          Reflect  .    (helmet restricted)
rElec   .          Harm     .    (no cloak)
rCorr   .          Rampage  .    (no gloves)
Will    .....                    (boots unavailable)
Stlth   ++                       (no amulet)
HPRegen 0.31/turn                B - +4 ring of slaying
MPRegen 0.12/turn                y - +4 ring of protection

@: about to teleport, flying quickly and evasively, very slightly contaminated,
quick
A: reduced essence, beak, talons 3, nimble flight
a: Renounce Religion, Recall Ancestor, Ancestor Identity, Transference, Idealise


You were on level 10 of the Dungeon.
You worshipped Hepliaklqana.
Hepliaklqana was greatly pleased with you.
You visited 2 branches of the dungeon, and saw 11 of its levels.
You also visited: Sewer.

You collected 393 gold pieces.

Inventory:

Hand Weapons
 a - a +0 halberd of pain (weapon)
 b - a +0 shortbow
 c - a +0 trident
 h - a +2 heavy great sword
 o - a +0 whip of venom
 v - a +2 spear of freezing
 R - a +4 great sword
 S - a +3 great sword
 W - a +4 scimitar
Missiles
 z - 9 poisoned darts
 Q - a throwing net
Armour
 T - a +0 robe
 V - a +0 leather armour of fire resistance (worn)
Jewellery
 k - a ring of protection from fire
 y - a +4 ring of protection (right hand)
 B - a +4 ring of slaying (left hand)
 O - a ring of wizardry
 P - a ring of see invisible
 U - a +6 ring of strength
Wands
 g - a wand of digging (2)
 m - a wand of iceblast (4)
 p - a wand of polymorph (13)
 w - a wand of flame (13)
 F - a wand of paralysis (44)
Scrolls
 f - 4 scrolls of fog {unknown}
 j - 5 scrolls of enchant armour
 l - 4 scrolls of amnesia
 n - 3 scrolls of magic mapping {unknown}
 r - 3 scrolls of blinking {unknown}
 s - 4 scrolls of immolation {unknown}
 t - a scroll of fear
 D - 2 scrolls of noise {unknown}
 H - 2 scrolls of brand weapon {unknown}
 I - a scroll of summoning {unknown}
 J - a scroll of acquirement {unknown}
 K - a scroll of teleportation
 M - 5 scrolls of identify
 N - 3 scrolls of poison {unknown}
Potions
 d - 3 potions of attraction {unknown}
 e - 4 potions of heal wounds {unknown}
 i - 2 potions of magic {unknown}
 q - 2 potions of cancellation {unknown}
 u - a potion of resistance {unknown}
 x - a potion of ambrosia
 A - 3 potions of invisibility {unknown}
 C - 6 potions of curing {unknown}
 E - 4 potions of might {unknown}
 G - a potion of lignification {unknown}
 L - 3 potions of flight {unknown}
 X - a potion of mutation {unknown}


   Skills:
 + Level 13.6 Fighting
 * Level 2.4 Long Blades
 - Level 3.2 Polearms
 * Level 3.4 Ranged Weapons
 + Level 6.7 Dodging
 - Level 2.0 Stealth
 - Level 3.0 Summonings
 - Level 3.0 Air Magic


You had 3 spell levels left.
You knew the following spells:

 Your Spells              Type           Power      Damage    Failure   Level
a - Call Canine Familiar  Summ           6%         N/A       36%         3
b - Vhi's Electric Charg  Tloc/Air       6%         N/A       56%         3

Your spell library contained the following spells:

 Spells                   Type           Power      Damage    Failure   Level
 Poisonous Vapours        Pois/Air       6%         N/A       34%         2
 Kiss of Death            Conj/Necr      0%         2d5       41%         1
 Sting                    Tmut/Pois      0%         1d3       41%         1
 Confusing Touch          Hex            0%         N/A       78%         3
 Dazzling Flash           Conj/Hex       0%         N/A       78%         3
 Portal Projectile        Hex/Tloc       0%         N/A       78%         3
 Dispel Undead            Necr           0%         3d6       99%         4
 Leda's Liquefaction      Hex/Erth       0%         N/A       99%         4
 Olgreb's Toxic Radiance  Pois           0%         N/A       99%         4
 Agony                    Necr           0%         N/A       100%        5
 Arcjolt                  Conj/Air       1%         1d11      100%        5
 Silence                  Hex/Air        1%         N/A       100%        5
 Maxwell's Capacitive Co  Air            3%         ∞         100%        8


Dungeon Overview and Level Annotations

Branches:
Dungeon (10/15)            Temple (1/1) D:4           Sewer (visited)
   Lair: D:8-11         Orc: D:9-12

Altars:
Hepliaklqana
Uskayaw
Vehumet

Shops:
D:4 =

Annotations:
D:10 Snorg


Innate Abilities, Weirdness & Mutations

Your life essence is reduced to manifest your ancestor. (-10% HP)
You have a beak for a mouth.
You have claws for feet.
Your magical nature lets you fly swiftly and evasively.


Message History

Unknown command.
Press: ? - help, v - describe, . - travel
Here: Snorg (lightly wounded, ally target)
The floor.
You swap places.
Psammuthes barely misses Snorg.
Snorg bites you. Snorg misses you. Snorg completely misses you.
Psammuthes hits Snorg with a +0 quarterstaff!!
You miscast Call Canine Familiar.
You are very lightly contaminated with residual magic.
Nothing appears to happen.
Psammuthes hits Snorg with a +0 quarterstaff.
Psammuthes hits Snorg with a +0 quarterstaff!!
Press: ? - help, v - describe, . - travel The floor.
Snorg goes berserk!
Psammuthes points at Snorg and mumbles some strange words.
The puff of frost hits Snorg.
Press: ? - help, v - describe, . - travel
Here: Psammuthes the battlemage, wielding a +0 quarterstaff (friendly)
The floor.
You miscast Call Canine Familiar.
Nothing appears to happen.
Snorg bites Psammuthes!
Snorg claws Psammuthes!
Snorg claws Psammuthes!!
Psammuthes is destroyed!
Snorg shouts!
Your hound misses Snorg. Snorg attacks as you move away! Snorg bites you!!
Snorg barely misses you. Snorg misses you.
Okay, then.
You can't see any enemies this would affect, really read the scroll of fear?
Okay, then.
As you read the scroll of teleportation, it crumbles to dust.
You feel strangely unstable. Snorg bites you!!
* * * LOW HITPOINT WARNING * * *
Snorg claws you!
* * * LOW HITPOINT WARNING * * *
Snorg claws you!
You die...

#.################
#....<...........# #.
##############.### #.
..# #.# .. #.# #.# .
#.# ########.# #$#.#
#.....##.#
#.###.#.####.###.##.#
#............hT@....#
...............#.####
#..##.#.####.#.#.# #
#.#$# #.#.#.# # #.#
#.#.#.# #.# #.#....
#.# #.#.#.. #.#
#.#.#.. #.# #.#.#..#


You could see Snorg (berserk, ally target) and a friendly hound (summoned).

Vanquished Creatures
  4 yaks
  A water moccasin (D:8)
  An orc warrior (D:8)
  An ice beast (D:6)
  A black bear (D:4)
  2 sky beasts
  2 ogres
  A phantom (D:6)
  2 kobold brigands (D:9)
  A bullfrog (D:9)
  9 wights
  5 killer bees (D:9)
  2 howler monkeys (D:8)
  3 nameless horrors
  A hound (D:6)
  An orc priest (D:8)
  4 iguanas
  4 orc wizards
  6 gnolls
  6 river rats
  7 adders
  A shadow imp (D:7)
  4 worms
  A dart slug (D:3)
  22 orcs
  3 ball pythons
  An endoplasm (D:2)
  3 giant cockroaches
  2 goblins (D:1)
  4 hobgoblins
  2 jackals (D:4)
  5 bats
  4 frilled lizards
  8 kobolds
  11 rats
135 creatures vanquished.

Vanquished Creatures (collateral kills)
  A wraith (D:9)
  5 yaks
  An ice beast (D:6)
  2 black bears (D:6)
  A centaur (D:9)
  2 necrophages
  A kobold brigand (D:8)
  A bullfrog (D:6)
  A gnoll sergeant (D:9)
  5 wights
  4 killer bees (D:9)
  A jelly (D:7)
  A hound (D:7)
  3 orc priests
  10 orc wizards
  A hell rat (Sewer)
  2 nameless horrors
  4 gnolls
  An adder (D:5)
  3 river rats
  An ufetubus (D:5)
  3 worms (D:5)
  15 orcs
  A giant cockroach (D:4)
  A hobgoblin (D:4)
  2 jackals (D:5)
  A quokka (D:5)
  4 kobolds
  3 rats (Sewer)
81 creatures vanquished.

Vanquished Creatures (others)
  5 battlemagi
  A fungus (D:2)
6 creatures vanquished.

Grand Total: 222 creatures vanquished

Notes
Turn   | Place    | Note
-------+----------+-------------------------------------------
     0 | D:1      | Aneyh the Tengu Monk began the quest for the Orb.
     0 | D:1      | Reached XP level 1. HP: 14/14 MP: 2/2
    38 | D:1      | Reached XP level 2. HP: 4/20 MP: 3/3
   547 | D:1      | Reached skill level 4 in Fighting
   990 | D:2      | Reached XP level 3. HP: 21/24 MP: 4/4
  1734 | D:2      | Found a faded altar of an unknown god.
  2711 | D:4      | Noticed a black bear
  2785 | D:4      | Reached skill level 1 in Summonings
  2785 | D:4      | Reached XP level 4. HP: 14/30 MP: 5/5
  3022 | D:4      | Found a staircase to the Ecumenical Temple.
  3066 | D:4      | Reached skill level 5 in Fighting
  3072 | Temple   | Entered the Ecumenical Temple
  3167 | Temple   | Became a worshipper of Hepliaklqana the Forgotten
  3167 | Temple   | Reached * piety under Hepliaklqana
  3167 | Temple   | Reached ** piety under Hepliaklqana
  3168 | Temple   | Remembered your ancestor Psammuthes as a battlemage
  3287 | D:4      | Gained mutation: Your magical nature lets you fly swiftly
                  | and evasively. [Tengu growth]
  3287 | D:4      | Reached XP level 5. HP: 31/31 MP: 6/6
  3419 | D:4      | Learned a level 3 spell: Call Canine Familiar
  3573 | D:4      | Found Fahum's Jewellery Shoppe.
  3849 | D:4      | Killed a black bear
  3850 | D:4      | Reached skill level 6 in Fighting
  3850 | D:4      | Reached XP level 6. HP: 36/36 MP: 7/7
  3914 | D:5      | Entered Level 5 of the Dungeon
  4126 | D:5      | Reached skill level 7 in Fighting
  4179 | D:5      | Found a glowing drain.
  4186 | D:5      | Reached XP level 7. HP: 40/43 MP: 8/8
  4191 | Sewer    | Entered a sewer
  4685 | D:5      | Reached skill level 8 in Fighting
  5105 | D:6      | Reached XP level 8. HP: 43/50 MP: 9/9
  5133 | D:6      | Reached skill level 9 in Fighting
  5241 | D:6      | Reached *** piety under Hepliaklqana
  5271 | D:6      | Learned a level 3 spell: Vhi's Electric Charge
  5290 | D:6      | Reached skill level 10 in Fighting
  5294 | D:6      | Reached skill level 1 in Air Magic
  5467 | D:6      | Found a hide-covered altar of Uskayaw.
  5588 | D:7      | Reached XP level 9. HP: 56/56 MP: 6/10
  5676 | D:7      | Reached skill level 11 in Fighting
  6577 | D:8      | Reached skill level 5 in Dodging
  6720 | D:8      | Reached skill level 12 in Fighting
  7055 | D:8      | Reached XP level 10. HP: 55/64 MP: 7/11
  7271 | D:8      | Reached **** piety under Hepliaklqana
  7383 | D:8      | Reached skill level 13 in Fighting
  7757 | D:9      | Reached skill level 1 in Long Blades
  8092 | D:9      | Found a radiant altar of Vehumet.
  8119 | D:9      | Reached skill level 1 in Ranged Weapons
  9040 | D:10     | Entered Level 10 of the Dungeon
  9077 | D:10     | Noticed Snorg
  9092 | D:10     | Mangled by Snorg

Illustrated notes

Levels and vault maps discovered:
D:1:      minmay_arrival_glassed_features, layout_basic, roderic_lattice_a,
          chequers_serial_rivers_large_b
D:2:      layout_basic, shapermc_ecumenical_altar_mp_urbaneastern
D:3:      layout_basic, st_stairs_3
D:4:      layout_basic, minmay_temple_entry_glass, serial_shops,
          nicolae_take_the_stairs, corexii_leaking_fountain,
          dreamdust_princess_corridor
D:5:      layout_gridville, lightli_sewer_entry_pipes
D:6:      layout_rooms, lemuel_round_altar, hangedman_decor_diamond_cutter,
          st_stairs_4
D:7:      layout_cave_pools, due_unseen_surprise
D:8:      layout_gridville
D:9:      layout_stronghold, mainiacjoe_overflow_tiny_flanked, minmay_orc_keep
D:10:     layout_basic, serial_undead, serial_undead_e, serial_undead_b,
          serial_undead_f, serial_undead_f, serial_undead_c, serial_undead_f,
          serial_undead_c, serial_undead_c, uniq_erolcha, uniq_snorg,
          uniq_joseph
Temple:   nicolae_temple_slightly_damp_pantheon

Skill      XL: |  1  2  3  4  5  6  7  8  9 10 |
---------------+-------------------------------+-----
Fighting       | 4 5 6 7 8 10 12 13 | 13.6
Summonings     | 1 2 3 |  3.0
Air Magic      | 3 |  3.0
Dodging        | 4 5 6 |  6.7
Long Blades    | 2 |  2.4
Ranged Weapons | 3 |  3.4
Polearms       | |  3.2
Stealth        | |  2.0

Action                     |  1- 3 |  4- 6 |  7- 9 | 10-12 || total
---------------------------+-------+-------+-------+-------++-------
  Melee: Spear             |   125 |    90 |   111 |       ||   326
         Kick              |    25 |    25 |    44 |    13 ||   107
         Peck              |    17 |     7 |    29 |     8 ||    61
         Punch             |       |     1 |       |       ||     1
         Long sword        |       |     1 |       |       ||     1
         Halberd           |       |       |    58 |    75 ||   133
   Fire: Shortbow          |       |       |       |    32 ||    32
  Throw: Dart              |       |     6 |     1 |       ||     7
   Cast: Call Canine Famil |       |     2 |    19 |     9 ||    30
         Vhi's Electric Ch |       |       |     1 |       ||     1
 Invoke: Ancestor Life: Ba |       |     1 |       |       ||     1
         Ancestor Identity |       |     1 |       |       ||     1
         Recall Ancestor   |       |     1 |       |       ||     1
    Use: Potion            |       |     1 |       |       ||     1
         Scroll            |       |     5 |       |     1 ||     6
   Stab: Sleeping          |     7 |     1 |     1 |       ||     9
         Distracted        |       |     1 |     2 |     3 ||     6
 Armour: Robe              |     6 |     9 |    16 |       ||    31
         Skin              |       |    22 |       |       ||    22
         Leather armour    |       |       |       |    14 ||    14
  Dodge: Dodged            |    38 |    55 |    62 |    77 ||   232

Table legend: (Time is in decaauts)
 A = Elapsed time spent in this place.
 B = Non-inter-level travel time spent in this place.
 C = Inter-level travel time spent in this place.
 D = Time resting spent in this place.
 E = Time spent auto-exploring this place.
 F = Levels seen in this place.
 G = Mean time per level.
                   A        B        C        D        E       F      G
               +--------+--------+--------+--------+--------+-----+--------+
         Total |   8818 |   8441 |    377 |   1682 |   5149 |  12 |  734.8 |
       Dungeon |   8525 |   8157 |    368 |   1559 |   5048 |  10 |  852.5 |
        Temple |    107 |     98 |      9 |     85 |      1 |   1 |  107.0 |
         Sewer |    185 |    185 |      0 |     38 |    100 |   1 |  185.0 |
               +--------+--------+--------+--------+--------+-----+--------+

Top non-repeatable levels by time:
     D:9: 1282 daAuts
     D:3: 1176 daAuts
     D:1: 993 daAuts
     D:8: 989 daAuts
     D:7: 972 daAuts
     D:4: 849 daAuts
     D:2: 803 daAuts
     D:5: 712 daAuts
     D:6: 698 daAuts
   Sewer: 185 daAuts
  Temple: 107 daAuts
    D:10: 47 daAuts
